 Dungeon Crawl Stone Soup version 0.31-a0-1555-g5715333c33 (webtiles) character file.

Game seed: 16092847375327469564

128996 mive the Fighter (level 16, -2/129 HPs)
             Began as a Vampire Wanderer on Oct 12, 2023.
             Was a High Priest of Okawaru.
             Slain by a naga
             ... wielding a +0 short sword
              (22 damage)
             ... on level 3 of the Snake Pit on Jan 3, 2024.
             The game lasted 05:32:21 (57175 turns).

mive the Fighter (Vampire Wanderer)                Turns: 57175, Time: 05:32:22

Health: -2/129     AC: 18    Str: 12    XL:     16   Next: 49%
Magic:  29/29      EV: 12    Int: 21    God:    Okawaru [*****.]
Gold:   448        SH: 10    Dex: 16    Spells: 2/33 levels left

rFire   + . .        q - +2 scimitar (flame)
rCold   . . .        f - +0 buckler
rNeg    . . .        X - +1 ring mail {rF+}
rPois   +            e - +2 hat
rElec   .            x - +0 cloak
rCorr   +            n - +1 pair of gloves
SInv    +            J - +0 pair of boots
Will    ++...        N - amulet of reflection
Stlth   ++++         Z - ring of Fuatees {rCorr AC+4 Stlth+}
HPRegen 0.61/turn    Y - ring of Ydiqyuci {rPois Will+ Str+2 SInv}
MPRegen 0.21/turn

%: reflection
@: healing quickly, constricted
A: alive, fangs 3, see invisible, vampiric 2
a: Exsanguinate, Renounce Religion, Heroism, Finesse, Duel


You were on level 3 of the Snake Pit.
You worshipped Okawaru.
Okawaru was extremely pleased with you.
You visited 5 branches of the dungeon, and saw 26 of its levels.
You also visited: Bailey.

You collected 2320 gold pieces.
You spent 1872 gold pieces at shops.

Inventory:

Hand Weapons
 a - the +10 dagger of Niusk {venom, rN+}
   (You found it on level 1 of the Lair of Beasts)

   rN+:       It protects you from negative energy.
 q - a +2 scimitar of flaming (weapon)
 y - a +0 rapier
Missiles
 b - 5 datura-tipped darts
 g - 2 throwing nets
 i - 3 javelins
 p - 7 silver javelins
 u - 6 poisoned darts
 A - 2 darts of dispersal
 S - 9 boomerangs (quivered)
Armour
 e - a +2 hat (worn)
 f - a +0 buckler (worn)
 n - a +1 pair of gloves (worn)
 x - a +0 cloak (worn)
 z - a +1 ring mail of willpower
 J - a +0 pair of boots (worn)
 X - a +1 ring mail of fire resistance (worn)
Magical Staves
 k - a staff of air
 B - a staff of earth
Jewellery
 d - the ring "Qytief" {rN+ EV+5 Str+4 SInv}
   (You found it on level 11 of the Dungeon)

   [ring of evasion]

   EV+5:      It affects your evasion (+5).
   Str+4:     It affects your strength (+4).
   rN+:       It protects you from negative energy.
   SInv:      It lets you see invisible.
 o - a ring of magical power
 t - a ring of wizardry
 H - a ring of protection from cold
 N - an amulet of reflection (around neck)
 R - a ring of protection from fire
 Y - the ring of Ydiqyuci (right hand) {rPois Will+ Str+2 SInv}
   (You took it off a deep elf pyromancer on level 11 of the Dungeon)

   [ring of see invisible]

   Str+2:     It affects your strength (+2).
   rPois:     It protects you from poison Will+: It increases your willpower.
   SInv:      It lets you see invisible.
 Z - the ring of Fuatees (left hand) {rCorr AC+4 Stlth+}
   (You found it on level 11 of the Dungeon)

   [ring of protection]

   AC+4:      It affects your AC (+4).
   rCorr:     It protects you from acid and corrosion.
   Stlth+:    It makes you more stealthy.
Wands
 j - a wand of flame (4)
 F - a wand of mindburst (4)
Scrolls
 s - 3 scrolls of poison
 v - 2 scrolls of enchant weapon {unknown}
 L - 2 scrolls of vulnerability {unknown}
 P - a scroll of summoning {unknown}
 Q - 2 scrolls of teleportation
 T - 2 scrolls of immolation {unknown}
 U - 4 scrolls of revelation {unknown}
 V - a scroll of fog {unknown}
Potions
 c - 3 potions of lignification
 h - 2 potions of invisibility
 l - 3 potions of curing
 m - 3 potions of mutation
 w - a potion of haste
 C - 2 potions of attraction
 D - a potion of magic {unknown}
 E - 3 potions of enlightenment
 G - 4 potions of brilliance
 I - 2 potions of resistance
 K - 3 potions of cancellation


   Skills:
 + Level 12.9 Fighting
 - Level 11.0 Long Blades
 + Level 6.8 Armour
 - Level 11.0 Dodging
 - Level 6.4 Stealth
 - Level 5.0 Shields
 + Level 9.1 Spellcasting
 - Level 6.8 Conjurations
 - Level 10.0 Hexes
 + Level 6.0 Necromancy
 + Level 9.9 Earth Magic
 - Level 5.0 Alchemy
 - Level 8.0 Invocations
 - Level 1.6 Evocations


You had 2 spell levels left.
You knew the following spells:

 Your Spells              Type           Power      Damage    Failure   Level
a - Slow                  Hex            100%       N/A       1%          1
b - Confusing Touch       Hex            51%        N/A       1%          3
c - Stone Arrow           Conj/Erth      88%        3d12      1%          3
d - Fulminant Prism       Conj/Alch      17%        3d10      16%         4
e - Passwall              Erth           50%        N/A       1%          3
f - Brom's Barrelling Bo  Conj/Erth      44%        2d6       6%          4
g - Fugue of the Fallen   Necr           34%        N/A       4%          3
h - Yara's Violent Unrav  Hex/Alch       20%        3d9       24%         5
i - Borgnjor's Vile Clut  Necr/Erth      21%        N/A       21%         5

Your spell library contained the following spells:

 Spells                   Type           Power      Damage    Failure   Level
 Magic Dart               Conj           100%       1d8       1%          1
 Sandblast                Erth           100%       2d20      1%          1
 Searing Ray              Conj           76%        2d7       1%          2
 Irradiate                Conj/Alch      17%        3d17      41%         5
 Gell's Gravitas          Tloc           9%         N/A       50%         3
 Teleport Other           Tloc           9%         N/A       50%         3
 Passage of Golubria      Tloc           9%         N/A       88%         4
 Dispersal                Tloc           4%         N/A       100%        6
 Tukima's Dance           Hex            Unusable   N/A       N/A         3
 Animate Dead             Necr           Unusable   N/A       N/A         4
 Death Channel            Necr           Unusable   N/A       N/A         6

Dungeon Overview and Level Annotations

Branches:
Dungeon (15/15)            Temple (1/1) D:5            Lair (5/5) D:9
  Swamp (0/4) Lair:3        Snake (3/4) Lair:2        Slime (0/5) Lair:5
    Orc (2/2) D:12            Elf (0/3) Orc:2        Vaults (0/5) D:13
 Bailey (visited)
 Depths: D:15

Altars:
Ashenzari
Cheibriados
Dithmenos
Fedhas
Gozag
Hepliaklqana
Makhleb
Nemelex Xobeh
Okawaru
Qazlal
Ru
Trog
Uskayaw
Vehumet
Wu Jian
Xom
Yredelemnul
Jiyva

Shops:
D:5 =   D:9 *   D:14 (   Orc:2 *[([:*[(!   Snake:1 ((!*

Annotations:
D:6 2 transporters
D:11 5 runed translucent doors, exclusion: 3 doors
D:14 Agnes
Lair:2 exclusion: door
Lair:3 2 transporters, Acsiumeo's ghost, journeyman DrMo


Innate Abilities, Weirdness & Mutations

Your natural rate of healing is accelerated.
You have razor-sharp teeth.
You have supernaturally acute eyesight. (SInv)
You are afflicted with vampirism and can become a bat while bloodless.


Message History

The anaconda blinks!
The naga warrior blinks into view!
The naga blinks!
The naga warrior hits you but does no damage.
You block the anaconda's attack.
The anaconda bites you but does no damage.
The naga barely misses you. The naga grabs you. The naga constricts you.
There is a stone staircase leading up, spattered with blood here.
You escape the naga's grasp.
The anaconda barely misses you. You block the anaconda's attack.
The naga warrior roars a battlecry!
The naga goes into a battle-frenzy!
The anaconda grabs you.
You stop ascending the stairs.
The anaconda misses you. The anaconda constricts you.
You escape the anaconda's grasp.
The naga warrior hits you from afar with a +0 halberd!!
The anaconda grabs you.
You stop ascending the stairs.
You block the anaconda's attack. The anaconda constricts you.
You block the naga's attack.
You escape the anaconda's grasp.
The anaconda grabs you.
You stop ascending the stairs.
The anaconda misses you. The anaconda constricts you.
The naga warrior misses you. The naga closely misses you.
The anaconda bites you! The anaconda constricts you.
You escape the anaconda's grasp.
The naga warrior hits you from afar with a +0 halberd!!
You block the guardian serpent's attack.
You block the naga's attack. The naga grabs you.
You stop ascending the stairs.
The naga constricts you. The anaconda bites you!
You escape the naga's grasp.
The guardian serpent hits you. The anaconda grabs you.
You stop ascending the stairs.
You block the anaconda's attack. The anaconda constricts you.
The naga warrior hits you from afar with a +0 halberd!!
* * * LOW HITPOINT WARNING * * *
The guardian serpent hits you.
* * * LOW HITPOINT WARNING * * *
The anaconda bites you.
* * * LOW HITPOINT WARNING * * *
The anaconda constricts you.
* * * LOW HITPOINT WARNING * * *
The naga hits you with a +0 short sword!!
You die...

..........#
#.........#
#.........#
.........#
##.......##
#.........#
#.N..<....#
#SSN......#
#)@.......#
#.........#
##.......##
##.....##
#######


You could see a naga warrior, an anaconda, a guardian serpent and a naga
(strong).

Vanquished Creatures
  Jorgrun (Orc:1)
  Gastronok (D:10)
  Frances (Snake:1)
  2 nagarajas (Snake:2)
  An orc warlord (Orc:2)
  Azrael (D:14)
  An ettin (D:12)
  Snorg (D:10)
  Fannar (D:11)
  3 hydras
  2 catoblepae (Lair:5)
  2 anacondas
  6 boulder beetles
  2 centaur warriors
  A merfolk aquamancer (D:13)
  An ogre mage (D:13)
  5 naga warriors
  8 death yaks
  6 two-headed ogres
  5 shock serpents
  4 naga sharpshooters (Snake:1)
  6 orc high priests
  Sonja (Lair:3)
  A skeletal warrior (D:13)
  A skyshark (Lair:3)
  A salamander mystic (Snake:2)
  4 naga ritualists
  5 mana vipers
  5 deep elf pyromancers
  5 orc knights
  5 orc sorcerers
  11 ugly things
  3 manticores
  4 cyclopes
  6 salamanders
  27 black mambas
  21 elephants
  3 guardian serpents
  5 naga magi
  2 water nymphs (D:13)
  3 centaur zombies (D:11)
  12 cane toads
  An unseen horror (D:11)
  A gargoyle (D:11)
  7 komodo dragons
  3 centaur skeletons (D:13)
  A kobold demonologist (D:7)
  4 rime drakes
  2 efreet
  4 yaktaurs (D:13)
  A troll (shapeshifter) (D:11)
  3 polar bears
  3 meliai (D:13)
  A queen bee (shapeshifter) (D:13)
  Grinder (D:6)
  11 dream sheep
  8 trolls
  22 blink frogs
  A meliai zombie (D:11)
  Sigmund (D:6)
  A water elemental (D:13)
  A spriggan (shapeshifter) (D:13)
  68 yaks
  2 shadows (D:11)
  6 wraiths
  6 wyverns
  Eustachio (D:5)
  8 basilisks
  3 humans (D:10)
  4 fire elementals (D:14)
  A basilisk (shapeshifter) (D:7)
  4 wargs (Orc:1)
  9 vampire mosquitoes
  Menkaure (D:6)
  3 swamp worms (Lair:3)
  Edmund (D:5)
  17 nagas
  21 water moccasins
  An acid dragon (D:9)
  3 hell hounds (D:14)
  An ice beast (D:6)
  31 orc warriors
  A sky beast (D:3)
  7 ogres
  11 wolves
  4 centaurs
  A phantom (D:5)
  A kobold brigand (D:7)
  15 bullfrogs
  2 gnoll sergeants
  2 scorpions
  14 wights
  6 killer bees
  3 electric eels
  3 howler monkeys (D:10)
  3 gnoll boudas
  7 hounds
  19 orc priests
  A jelly (D:7)
  4 iguanas
  2 sleepcaps (D:7)
  38 orc wizards
  A boggart skeleton (D:13)
  6 adders
  23 gnolls
  2 shadow imps (D:6)
  3 white imps
  An ufetubus (D:6)
  A ribbon worm (D:2)
  4 dart slugs
  95 orcs
  5 ball pythons
  6 endoplasms
  3 giant cockroaches
  8 goblins
  12 hobgoblins
  8 jackals
  2 quokkas
  5 bats
  9 frilled lizards
  10 kobolds
  A rat (D:1)
  2 boulders (Orc:2)
  3 fulminant prisms
808 creatures vanquished.

Vanquished Creatures (collateral kills)
  36 boulders
36 creatures vanquished.

Vanquished Creatures (others)
  An electric eel (D:13)
  2 orc wizards
  33 boulders
  106 fulminant prisms
142 creatures vanquished.

Grand Total: 986 creatures vanquished

Notes
Turn   | Place    | Note
-------+----------+-------------------------------------------
     0 | D:1      | mive the Vampire Wanderer began the quest for the Orb.
     0 | D:1      | mive set off with the following items: a +2 falchion, a +0
                  | pair of gloves, a potion of berserk rage, a +0 robe; and
                  | the following spell memorised: Slow; and the following
                  | spells available to memorise: Confusing Touch.
     0 | D:1      | Reached XP level 1. HP: 13/13 MP: 2/2
   208 | D:1      | Reached XP level 2. HP: 20/20 MP: 2/4
   400 | D:1      | Reached skill level 1 in Fighting
   922 | D:1      | Gained mutation: You are afflicted with vampirism and can
                  | become a bat while bloodless. [Vampire growth]
   922 | D:1      | Reached XP level 3. HP: 26/26 MP: 3/5
  1284 | D:2      | Learned a level 3 spell: Confusing Touch
  2060 | D:2      | Identified the +0 scale mail of the Byakko {Rampage Str+3
                  | Dex-3}
  2146 | D:2      | Reached XP level 4. HP: 33/33 MP: 5/7
  2321 | D:2      | Found a faded altar of an unknown god.
  2685 | D:3      | Noticed a sky beast
  2888 | D:3      | Found a hazy altar of Hepliaklqana.
  2990 | D:3      | Identified the +1 robe "Ozibankilin" {rElec rPois Dex+4}
  3167 | D:3      | You fall into a shaft and drop 2 floors!
  3167 | D:5      | Entered Level 5 of the Dungeon
  3167 | D:5      | Found Faosm's Jewellery Shoppe.
  3209 | D:5      | Noticed Edmund
  3233 | D:5      | Noticed a phantom
  3335 | D:3      | Reached skill level 2 in Fighting
  3474 | D:3      | Identified the +7 dagger "Plog" {holy, rC- Will+ Int+7}
  3548 | D:3      | Killed a sky beast
  3549 | D:3      | Reached XP level 5. HP: 39/39 MP: 7/9
  4265 | D:4      | Reached XP level 6. HP: 24/46 MP: 1/10
  4708 | D:4      | Reached skill level 5 in Hexes
  4889 | D:4      | Reached skill level 3 in Fighting
  5011 | D:4      | Reached skill level 5 in Long Blades
  5322 | D:4      | Reached XP level 7. HP: 47/52 MP: 9/12
  5655 | D:5      | Found a staircase to the Ecumenical Temple.
  5871 | Temple   | Entered the Ecumenical Temple
  5892 | Temple   | Became a worshipper of Warmaster Okawaru
  6243 | D:5      | Killed Edmund
  6244 | D:5      | Reached skill level 1 in Invocations
  6624 | D:6      | Found a transporter.
  6723 | D:6      | Noticed Menkaure
  6788 | D:6      | Found a transporter.
  6811 | D:6      | Noticed a kobold demonologist
  6827 | D:6      | Killed Menkaure
  6873 | D:6      | Reached skill level 4 in Fighting
  6873 | D:6      | Reached skill level 1 in Armour
  6966 | D:6      | Learned a level 3 spell: Stone Arrow
  6997 | D:6      | Reached XP level 8. HP: 58/60 MP: 12/14
  7197 | D:6      | Noticed Sigmund
  7206 | D:6      | Killed Sigmund
  7206 | D:6      | Reached * piety under Okawaru
  7207 | D:6      | Reached skill level 1 in Conjurations
  7291 | D:6      | Noticed Eustachio
  7366 | D:5      | Killed Eustachio
  7692 | D:6      | Reached skill level 5 in Spellcasting
  7793 | D:6      | Noticed Grinder
  7802 | D:6      | Killed Grinder
  7983 | D:6      | Noticed a kobold demonologist
  8601 | D:7      | Found an ornate altar of the Wu Jian Council.
  8916 | D:7      | Reached XP level 9. HP: 41/65 MP: 15/17
  9893 | D:8      | Reached ** piety under Okawaru
 10824 | D:8      | Found an opulent altar of Gozag.
 11042 | D:8      | Reached skill level 1 in Earth Magic
 11400 | D:7      | Noticed a kobold demonologist
 11423 | D:7      | Killed a kobold demonologist
 11504 | D:7      | Noticed a komodo dragon
 11506 | D:7      | Reached skill level 5 in Fighting
 11631 | D:7      | Noticed a troll
 11631 | D:7      | Noticed a meliai
 11639 | D:7      | a meliai changed into a troll
 11639 | D:7      | Noticed a troll (shapeshifter)
 11649 | D:7      | a troll changed into a spriggan
 12002 | D:9      | Reached *** piety under Okawaru
 12148 | D:9      | Reached XP level 10. HP: 74/74 MP: 13/18
 12310 | D:9      | Found a staircase to the Lair.
 12467 | D:9      | Reached skill level 5 in Dodging
 12614 | D:8      | Reached skill level 6 in Fighting
 12653 | D:8      | Reached **** piety under Okawaru
 12895 | D:9      | Upgraded the game from 0.31-a0-870-g10ed682358 to
                  | 0.31-a0-876-gfe8ebadbca
 12915 | D:9      | Found Mumu's Neck Hole.
 12923 | D:9      | Bought a +0 cloak for 54 gold pieces
 13626 | D:9      | Reached skill level 5 in Earth Magic
 14182 | D:10     | Entered Level 10 of the Dungeon
 14296 | D:10     | Found a flagged portal.
 14298 | D:10     | Noticed Gastronok
 14393 | D:10     | Learned a level 3 spell: Passwall
 14438 | Bailey   | Entered a bailey
 14650 | D:10     | Reached skill level 5 in Invocations
 15481 | Lair:1   | Entered Level 1 of the Lair of Beasts
 15623 | Lair:1   | Reached XP level 11. HP: 44/83 MP: 6/19
 15724 | Lair:1   | Reached ***** piety under Okawaru
 16141 | Lair:1   | Reached skill level 7 in Fighting
 17705 | Lair:1   | Received a gift from Okawaru
 18038 | Lair:1   | Identified the +10 dagger of Niusk {venom, rN+}
 19275 | D:10     | Noticed Snorg
 20035 | D:9      | Bought an amulet of reflection for 360 gold pieces
 20372 | Lair:1   | Reached skill level 1 in Shields
 20399 | Lair:1   | Reached skill level 8 in Fighting
 20526 | Lair:1   | Reached XP level 12. HP: 83/92 MP: 20/20
 21536 | Lair:2   | Found a staircase to the Snake Pit.
 22167 | Lair:1   | Received a gift from Okawaru
 22757 | Lair:2   | Reached skill level 5 in Shields
 23046 | Lair:2   | Noticed a seven-headed hydra
 23334 | Lair:3   | Found a transporter.
 23349 | Lair:3   | Identified the +6 chain mail of the Evil One {*Slow rPois
                  | Dex+3}
 23377 | Lair:3   | Noticed Acsiumeo's ghost (journeyman DrMo)
 23419 | Lair:3   | Reached skill level 1 in Transmutations
 23449 | Lair:3   | Reached skill level 10 in Long Blades
 23542 | Lair:3   | Reached skill level 9 in Fighting
 23544 | Lair:3   | Found a transporter.
 23923 | Lair:3   | Received a gift from Okawaru
 24291 | Lair:3   | Noticed a five-headed hydra
 24727 | Lair:3   | Reached XP level 13. HP: 35/101 MP: 15/22
 25751 | Lair:3   | Found a staircase to the Swamp.
 25802 | Lair:4   | Noticed Sonja
 26006 | Lair:3   | Killed Sonja
 26425 | Lair:3   | Reached skill level 5 in Armour
 27132 | Lair:3   | Upgraded the game from 0.31-a0-876-gfe8ebadbca to
                  | 0.31-a0-1057-g70f3316b05
 27651 | Lair:3   | Reached skill level 10 in Fighting
 27855 | Lair:4   | Found an ornate altar of the Wu Jian Council.
 27855 | Lair:4   | Found a hide-covered altar of Uskayaw.
 28767 | Lair:4   | Learned a level 4 spell: Fulminant Prism
 29633 | Lair:5   | Entered Level 5 of the Lair of Beasts
 31070 | Lair:5   | Reached skill level 10 in Hexes
 31315 | Lair:5   | Noticed a dire elephant
 31315 | Lair:5   | Noticed a dire elephant
 31474 | Lair:4   | Reached XP level 14. HP: 111/111 MP: 18/23
 32476 | Lair:5   | Found a staircase to the Slime Pits.
 32476 | Lair:5   | Found a viscous altar of Jiyva.
 33144 | Lair:5   | Reached skill level 11 in Fighting
 33144 | Lair:5   | Reached skill level 5 in Conjurations
 33279 | Lair:5   | Received a gift from Okawaru
 33487 | Lair:5   | Learned a level 4 spell: Brom's Barrelling Boulder
 34531 | D:11     | Identified the +2 helmet of Skepticism {rF- Will- Str+8}
 34545 | D:11     | Found a runed translucent door.
 34587 | D:11     | Found a runed translucent gate.
 34588 | D:11     | Found a runed translucent gate.
 34589 | D:11     | Found a runed translucent gate.
 34657 | D:11     | Found a hide-covered altar of Uskayaw.
 35666 | D:11     | Identified the ring of Ydiqyuci {rPois Will+ Str+2 SInv}
 35807 | D:11     | Identified the ring "Zatav" {*Slow +Blink rF- Will+ Dex+8}
 35811 | D:11     | Identified the ring of Fuatees {rCorr AC+4 Stlth+}
 35843 | D:11     | Received a gift from Okawaru
 35971 | D:11     | Found a runed translucent door.
 35971 | D:11     | Identified the ring "Qytief" {rN+ EV+5 Str+4 SInv}
 36484 | D:12     | Found a staircase to the Orcish Mines.
 36538 | D:12     | Noticed Fannar
 36596 | D:11     | Killed Fannar
 37678 | Orc:1    | Entered Level 1 of the Orcish Mines
 37689 | Orc:1    | Noticed Jorgrun
 37989 | D:13     | Received a gift from Okawaru
 37990 | D:13     | Reached skill level 10 in Dodging
 39836 | D:12     | Upgraded the game from 0.31-a0-1057-g70f3316b05 to
                  | 0.31-a0-1555-g5715333c33
 40635 | D:13     | Reached skill level 5 in Stealth
 40635 | D:13     | Reached XP level 15. HP: 100/119 MP: 3/27
 40793 | D:13     | Learned a level 3 spell: Fugue of the Fallen
 41471 | D:13     | Received a gift from Okawaru
 41472 | D:13     | Reached skill level 1 in Necromancy
 41985 | D:14     | Noticed Azrael
 42039 | D:14     | Killed Azrael
 42494 | D:14     | Noticed Agnes
 42597 | Orc:1    | Killed Jorgrun
 43908 | Orc:2    | Entered Level 2 of the Orcish Mines
 43908 | Orc:2    | Found Pofin's Distillery.
 43978 | Orc:2    | Found a staircase to the Elven Halls.
 44085 | Orc:2    | Received a gift from Okawaru
 44350 | Orc:2    | Found Guitoa's Antique Weapon Emporium.
 44358 | Orc:2    | Found Baozybb's Antique Armour Shop.
 44660 | Orc:2    | Bought a potion of heal wounds for 70 gold pieces
 44660 | Orc:2    | Bought a potion of enlightenment for 70 gold pieces
 44660 | Orc:2    | Bought a potion of brilliance for 56 gold pieces
 44831 | Orc:2    | Found Vuzosch's Antique Armour Shop.
 44877 | Orc:2    | Found Inyron's General Store.
 45665 | Orc:2    | Bought 2 potions of heal wounds for 140 gold pieces
 45665 | Orc:2    | Bought a potion of cancellation for 112 gold pieces
 46052 | Orc:2    | Reached skill level 12 in Fighting
 46276 | Orc:2    | Learned a level 5 spell: Yara's Violent Unravelling
 48261 | Orc:2    | Found Lamoes's Antique Armour Emporium.
 48262 | Orc:2    | Found Culatz's Antique Weapon Shoppe.
 48265 | Orc:2    | Found Coduoheb's General Store.
 48265 | Orc:2    | Found Tecrocsimu's Book Emporium.
 48288 | Orc:2    | Bought a scroll of teleportation for 48 gold pieces
 48308 | Orc:2    | Bought a scroll of brand weapon for 152 gold pieces
 48311 | Orc:2    | Bought a book of Unlife for 576 gold pieces
 48332 | Orc:2    | Bought a potion of curing for 48 gold pieces
 48422 | Orc:2    | Bought a potion of curing for 42 gold pieces
 48695 | D:10     | Killed Gastronok
 48775 | D:10     | Killed Snorg
 49546 | D:13     | Found a gate to the Vaults.
 49692 | D:13     | Reached skill level 5 in Alchemy
 50125 | D:14     | Found Exiv's Antique Weapon Shop.
 50178 | D:15     | Entered Level 15 of the Dungeon
 50358 | Snake:1  | Entered Level 1 of the Snake Pit
 50437 | Snake:1  | Received a gift from Okawaru
 50561 | Snake:1  | Noticed Frances
 51000 | Snake:1  | Found Xaxu's Distillery.
 51004 | Snake:1  | Found Jadiptybbi's Weapon Shop.
 51005 | Snake:1  | Found Boetreq's Antique Weapon Boutique.
 51258 | Snake:1  | Found Monid's Overcharged Wands.
 51648 | Snake:1  | Reached skill level 1 in Evocations
 51902 | Snake:1  | Reached XP level 16. HP: 40/129 MP: 19/28
 51910 | Snake:1  | Bought a potion of invisibility for 144 gold pieces
 52927 | Snake:2  | Learned a level 5 spell: Borgnjor's Vile Clutch
 53584 | Snake:2  | Identified the +4 ring mail of Free Expression {rPois
                  | Dex+3}
 53751 | Snake:2  | Received a gift from Okawaru
 54138 | Snake:2  | Reached skill level 5 in Necromancy
 54575 | Snake:1  | Killed Frances
 57175 | Snake:3  | Slain by a naga

Illustrated notes

Levels and vault maps discovered:
D:1:      minmay_arrival_four_loops, layout_basic, minmay_pentomino_s4
D:2:      layout_loops_corners, serial_forest, infiniplex_forest_clump_double,
          infiniplex_forest_clump_small, infiniplex_forest_end_3,
          infiniplex_forest_clump_C, infiniplex_forest_join,
          infiniplex_forest_lined_corner, infiniplex_forest_lined_room_3,
          chequers_ecumenical_altar_simple_redux, minmay_diced_spiral
D:3:      layout_basic, lemuel_round_altar
D:4:      layout_loops_ring, minitemple
D:5:      layout_loops_ring, lemuel_tele_altar, minmay_temple_entry_tees,
          serial_shops, shop, dreamdust_gnoll_farm, uniq_edmund
D:6:      gammafunk_wand_slinger, layout_loops_ring, uniq_sigmund, uniq_grinder,
          uniq_eustachio, uniq_menkaure
D:7:      minmay_klotski, layout_basic, nicolae_wu_jian_immortal_techniques,
          st_stairs_8
D:8:      nicolae_cairo_tiling_large_dashed, layout_basic,
          mainiacjoe_overflow_concentric_impassable
D:9:      layout_cave_pools, kennysheep_mini_moat, minmay_lair_entry_grove,
          minmay_misc_feat_rugged, nicolae_shop_sticking_my_neck_out
D:10:     layout_gridville, enter_bailey_2, uniq_gastronok, uniq_snorg
D:11:     minmay_the_grid_triangle_9x9_recursive_2_mashed
          [minmay_the_grid_triangle_9x9_prize_special,
          minmay_the_grid_triangle_9x9_tough_junction,
          minmay_the_grid_triangle_9x9_sparse_checkered,
          minmay_the_grid_triangle_9x9_odd_lines], layout_stronghold,
          serial_undead, serial_undead_e, serial_undead_a, serial_undead_c,
          serial_undead_a, ploomutoo_gammafunk_ghost_potion_laboratory,
          dancing_weapons_uskayaw
D:12:     layout_roguey, orc_0_dummy, st_stairs_7, tso_oasis_becter, uniq_fannar
D:13:     layout_roguey, hangedman_vaults_entry_quadrant_bands,
          nicolae_splish_splash
D:14:     layout_rooms, serial_shops, nicolae_shop_rolling_square,
          hangedman_abyss_or_decor_passed, serial_corexii_hall,
          corexii_hall_statues_i, corexii_hall_statues_x,
          corexii_hall_statues_x, corexii_hall_statues_deadend, uniq_azrael,
          uniq_agnes
D:15:     hangedman_depths_entry_try_elsewhere_first, layout_cave_pods,
          grunt_dithmenos_smoke_and_mirrors, nicolae_gozag_zags_fifth_avenue,
          uniq_kirke
Temple:   hellmonk_temple_of_storms
Lair:1:   layout_layer_cave, grunt_megastairs_4
Lair:2:   cheibrodos_lair_river_kwai, layout_misc_corridors,
          guppyfry_snake_entry_garden
Lair:3:   layout_cave_pods, nicolae_swamp_entry_splash_gauntlet,
          gammafunk_ghost_berserking_beasts, serial_bayou_crossing
Lair:4:   layout_loops_ring, nzn_masters_of_martial_movement,
          grunt_megastairs_3, uniq_sonja
Lair:5:   due_jungle_book, layout_big_grid, slime_entry_1, st_stairs_6,
          serial_bayou_lagoon_a
Snake:1:  layout_basic, drop_trap, nicolae_shop_overcharged_wands,
          minmay_shop_star, uniq_frances
Snake:2:  hangedman_cross_stitches, layout_honeycomb, lemuel_fruit_tree
Snake:3:  layout_rooms, grunt_ministairs_9
Orc:1:    layout_caves, rock_pile, uniq_jorgrun
Orc:2:    st_orc_congregation, layout_caves, serial_shops,
          nicolae_shop_hallway_plus, nicolae_lakefront_shop, nicolae_shop_trees,
          nicolae_shop_waterfront, nicolae_shop_waterfront

Skill      XL: |  1  2  3  4  5  6  7  8  9 10 11 12 13 14 15 16 |
---------------+-------------------------------------------------+-----
Hexes          | 2 3 4 5 6 10 | 10.0
Fighting       | 1 2 3 4 5 6 8 9 10 11 12 | 12.9
Spellcasting   | 2 3 4 5 6 8 9 |  9.1
Long Blades    | 5 6 7 9 10 11 | 11.0
Invocations    | 2 3 4 5 7 8 |  8.0
Armour         | 1 3 4 6 |  6.8
Conjurations   | 2 3 4 6 |  6.8
Dodging        | 4 6 7 8 10 11 | 11.0
Earth Magic    | 3 5 6 8 9 |  9.9
Shields        | 2 5 |  5.0
Transmutations | 2 3 |  0.0
Alchemy        | 2 5 |  5.0
Stealth        | 5 6 |  6.4
Necromancy     | 4 6 |  6.0
Evocations     | 1 |  1.6

Action                     |  1- 3 |  4- 6 |  7- 9 | 10-12 | 13-15 | 16-18 || total
---------------------------+-------+-------+-------+-------+-------+-------++-------
  Melee: Falchion          |   106 |   256 |   513 |    11 |       |       ||   886
         Bite              |     7 |    36 |    79 |   237 |   339 |    77 ||   775
         Punch             |     1 |     4 |     5 |    12 |       |       ||    22
         Long sword        |       |       |       |  1242 |    65 |       ||  1307
         Dagger            |       |       |       |       |  1697 |   266 ||  1963
         Staff             |       |       |       |       |     2 |       ||     2
         Scimitar          |       |       |       |       |    19 |    57 ||    76
   Fire: Sling             |       |       |    30 |       |       |       ||    30
  Throw: Stone             |       |     3 |     1 |       |       |       ||     4
         Dart              |       |       |    25 |    42 |    40 |       ||   107
         Throwing net      |       |       |     1 |       |       |       ||     1
         Boomerang         |       |       |       |       |    80 |     4 ||    84
         Javelin           |       |       |       |       |    18 |       ||    18
   Cast: Slow              |    22 |    19 |    92 |   216 |   162 |    10 ||   521
         Confusing Touch   |       |    12 |    36 |    76 |    48 |    23 ||   195
         Stone Arrow       |       |       |     2 |    56 |   266 |    61 ||   385
         Passwall          |       |       |       |    20 |     3 |     8 ||    31
         Fulminant Prism   |       |       |       |       |   107 |     2 ||   109
         Brom's Barrelling |       |       |       |       |    72 |    34 ||   106
         Fugue of the Fall |       |       |       |       |     4 |     1 ||     5
         Borgnjor's Vile C |       |       |       |       |       |     1 ||     1
 Invoke: Heroism           |       |       |       |    10 |    24 |     3 ||    37
         Finesse           |       |       |       |     1 |     5 |     1 ||     7
  Evoke: Wand              |       |       |     8 |       |    18 |       ||    26
    Use: Scroll            |       |     3 |     6 |     7 |     7 |     4 ||    27
         Potion            |       |     1 |     3 |     4 |     7 |     6 ||    21
   Stab: Sleeping          |     5 |     5 |     2 |       |     7 |     2 ||    21
         Distracted        |       |     1 |       |     1 |     2 |     1 ||     5
         Confused          |       |     9 |    34 |    76 |    40 |    21 ||   180
         Invisible         |       |       |       |       |     6 |       ||     6
         Fleeing           |       |       |       |       |       |     1 ||     1
 Armour: Leather armour    |    45 |    86 |    71 |       |       |       ||   202
         Robe              |     1 |       |       |       |       |       ||     1
         Ring mail         |       |       |   261 |   724 |   857 |   230 ||  2072
  Dodge: Dodged            |    70 |    80 |   260 |   566 |   667 |   159 ||  1802
  Block: Buckler           |       |       |       |   227 |   745 |   161 ||  1133
         Reflection        |       |       |       |       |    42 |    22 ||    64

Table legend: (Time is in decaauts)
 A = Elapsed time spent in this place.
 B = Non-inter-level travel time spent in this place.
 C = Inter-level travel time spent in this place.
 D = Time resting spent in this place.
 E = Time spent auto-exploring this place.
 F = Levels seen in this place.
 G = Mean time per level.
                   A        B        C        D        E       F      G
               +--------+--------+--------+--------+--------+-----+--------+
         Total |  56738 |  51866 |   4872 |  19079 |   7646 |  27 | 2101.4 |
       Dungeon |  28500 |  25283 |   3217 |   7503 |   5140 |  15 | 1900.0 |
        Temple |     42 |      2 |     40 |      0 |      0 |   1 |   42.0 |
          Lair |  16304 |  15078 |   1226 |   6133 |   1426 |   5 | 3260.8 |
     Snake Pit |   6671 |   6478 |    193 |   3321 |    775 |   3 | 2223.7 |
  Orcish Mines |   5204 |   5010 |    194 |   2121 |    305 |   2 | 2602.0 |
        Bailey |     15 |     15 |      0 |      0 |      0 |   1 |   15.0 |
               +--------+--------+--------+--------+--------+-----+--------+

Top non-repeatable levels by time:
  Lair:1: 4607 daAuts
    D:13: 4053 daAuts
  Lair:3: 3767 daAuts
   Orc:2: 3579 daAuts
 Snake:2: 3426 daAuts
 Snake:1: 3184 daAuts
    D:11: 3145 daAuts
  Lair:5: 3066 daAuts
  Lair:4: 3010 daAuts
     D:9: 2515 daAuts
     D:8: 2509 daAuts
    D:12: 2397 daAuts
    D:10: 2223 daAuts
     D:7: 2218 daAuts
  Lair:2: 1851 daAuts
